 Dungeon Crawl Stone Soup version 0.17.0-15-g6d90897 (webtiles) character file.

192 HungrySpirit the Insei (level 5, -3/60 HPs)
             Began as a Draconian Transmuter on Nov 10, 2015.
             Slain by puimuR's ghost (4 damage)
             ... on level 4 of the Dungeon.
             The game lasted 00:06:30 (3247 turns).

HungrySpirit the Insei (Draconian Transmuter)       Turns: 3247, Time: 00:06:31

Health: -3/60      AC: 22    Str: 12    XL:     5   Next: 42%
Magic:  3/9        EV:  2    Int: 18    God:
Gold:   154        SH:  0    Dex: 13    Spells: 3 memorised, 3 levels left

rFire  . . .     SeeInvis .       - Unarmed
rCold  . . .     Clarity  .     (armour unavailable)
rNeg   + + +     SustAt   .     (no shield)
rPois  +         Gourm    .     (helmet currently unavailable)
rElec  .         Spirit   .     (cloak currently unavailable)
rCorr  .         Warding  .     (gloves currently unavailable)
rMut   .         NoTele   +     (boots currently unavailable)
MR     .....                    (no amulet)
Stlth  +.........               (no ring)
                                (no ring)

@: brilliant, tree-form, not resistant to hostile enchantments, very unstealthy
A: unfitting armour, (cold-blooded), AC +5
a: no special abilities


You were on level 4 of the Dungeon.
You were near starving.
You were a tree.
You visited 1 branch of the dungeon, and saw 4 of its levels.

You collected 154 gold pieces.

Inventory:

Missiles
 a - 7 arrows
 j - 10 poisoned needles
Armour
 n - a cursed +0 pair of gloves (melded)
 o - a +0 buckler
Jewellery
 q - an uncursed ring of protection from magic {unknown}
Scrolls
 d - a scroll of immolation {unknown}
 g - a scroll of fear {unknown}
 h - a scroll of enchant armour {unknown}
 i - 5 scrolls of identify {unknown}
 k - 2 scrolls of teleportation {unknown}
 m - 2 scrolls of blinking {unknown}
Potions
 e - a potion of degeneration {unknown}
 p - a potion of brilliance
Books
 b - a book of Changes

   Spells                             Type                      Level
   a - Beastly Appendage              Transmutation                1
   b - Sticks to Snakes               Transmutation                2
   c - Spider Form                    Transmutation/Poison         3
   d - Ice Form                       Ice/Transmutation            4
   e - Blade Hands                    Transmutation                5
Comestibles
 c - 2 bread rations
 f - 3 beef jerkies
 s - 3 fruits


   Skills:
 - Level 1.1 Fighting
 - Level 1.7 Dodging
 * Level 4.3 Unarmed Combat
 + Level 2.9 Spellcasting
 * Level 3.7 Transmutations
 + Level 1.5 Poison Magic


You had 3 spell levels left.
You knew the following spells:

 Your Spells              Type           Power        Failure   Level  Hunger
a - Beastly Appendage     Trmt           ####..       1%          1    None
b - Sticks to Snakes      Trmt           ####......   1%          2    ##.....
c - Spider Form           Trmt/Pois      ###.......   2%          3    ###....


Dungeon Overview and Level Annotations

Branches:
Dungeon (4/15)
 Temple: D:4-7

Altars:
Ashenzari
Trog

Annotations:
D:4 puimuR's ghost, amateur DsBe


Innate Abilities, Weirdness & Mutations

((Your plain brown scales are hard (AC +5).))
Your body does not fit into most forms of armour.
((You are cold-blooded and may be slowed by cold attacks.))


Message History

It was a potion of brilliance.
You feel clever all of a sudden. The hound bites you.
* * * LOW HITPOINT WARNING * * *
The hound bites you but does no damage.
PuimuR's ghost wails, "Very impressive.
But it won't help.
Nothing will."
Drink which item? (? for menu, Esc to quit)
It was a potion of lignification.
You turn into a tree.
Your cursed +0 pair of gloves melds into your body.
Your roots penetrate the ground.
You feel sick.
You are no longer poisoned.
Your adder withers and dies!
The hound bites you but does no damage.
PuimuR's ghost hits you but does no damage.
Drink which item? (? for menu, Esc to quit)
It was a potion of poison.
You feel slightly nauseous. The hound bites you but does no damage.
The hound bites you.
* * * LOW HITPOINT WARNING * * *
PuimuR's ghost hits you.
You die...

.....#..........####### ###
#................#
.#######..)[............#
............[...........##
#####....................#
#..##............♣♣♣...#
#.#..........[..♣# ♣..#
#...#######.hW..♣ ..#
##...### ###♣#.♣# ..#
#...S..#######.#..♣♣♣...#
###.......................#
#...........######...##...#
..#.........# #...##.####
.!.........## #...<.....#
.##.###.##... #..........#
...... ....## #..#......##
.P.?........ ##.###.####


You could see a hound and puimuR's ghost.

Vanquished Creatures
  2 orc wizards (D:4)
  Natasha (thrice) (D:3)
  A worker ant (D:4)
  3 worms
  5 giant geckos
  2 orcs (D:4)
  2 ball pythons
  6 giant cockroaches
  7 goblins
  8 hobgoblins
  3 jackals (D:1)
  6 kobolds
  9 bats
  3 giant newts
  2 quokkas
  8 rats
70 creatures vanquished.

Notes
Turn   | Place    | Note
--------------------------------------------------------------
     0 | D:1      | HungrySpirit the Draconian Transmuter began the quest for the Orb.
     0 | D:1      | Reached XP level 1. HP: 16/16 MP: 3/3
   222 | D:1      | Reached XP level 2. HP: 18/23 MP: 3/5
   810 | D:1      | Reached XP level 3. HP: 28/28 MP: 4/6
   951 | D:2      | Learned a level 2 spell: Sticks to Snakes
   955 | D:2      | Learned a level 3 spell: Spider Form
  1776 | D:3      | Noticed Natasha
  1787 | D:3      | Killed Natasha
  1787 | D:3      | Reached skill level 1 in Poison Magic
  1787 | D:3      | Reached XP level 4. HP: 35/35 MP: 5/7
  1792 | D:3      | Noticed Natasha
  1798 | D:3      | Killed Natasha
  2465 | D:3      | Found a bloodstained altar of Trog.
  2474 | D:3      | Found a shattered altar of Ashenzari.
  2539 | D:3      | Noticed Natasha
  2547 | D:3      | Killed Natasha
  2582 | D:4      | Reached skill level 4 in Unarmed Combat
  2616 | D:4      | Reached XP level 5. HP: 38/40 MP: 5/9
  2847 | D:4      | Noticed puimuR's ghost (amateur DsBe)
  2880 | D:4      | HP: 2/40 [giant gecko (3)]
  3245 | D:4      | HP: 2/40 [hound (1)]
  3247 | D:4      | Slain by puimuR's ghost

Action                   |  1- 3 |  4- 6 || total
-------------------------+-------+-------++-------
Melee: Unarmed           |   184 |    99 ||   283
 Cast: Beastly Appendage |     6 |     8 ||    14
       Spider Form       |       |     3 ||     3
       Sticks to Snakes  |       |     5 ||     5
  Use: Potion            |       |     3 ||     3
 Stab: Sleeping          |     4 |       ||     4
  Eat: Chunk             |     3 |     4 ||     7
